 Dungeon Crawl Stone Soup version 0.27.1-34-g3ba077fa99 (webtiles) character file.

Game seed: 4677140822145702902

884 belegose the Skirmisher (level 7, -2/56 HPs)
             Began as a Demonspawn Fighter on Jan 4, 2022.
             Slain by an orc warrior (5 damage)
             ... on level 3 of the Dungeon.
             The game lasted 00:14:04 (5169 turns).

belegose the Skirmisher (Demonspawn Fighter)        Turns: 5169, Time: 00:14:05

Health: -2/56      AC: 13    Str: 24    XL:     7   Next: 76%
Magic:  7/7        EV:  8    Int:  9    God:
Gold:   320        SH: 10    Dex: 13    Spells: 6/6 levels left

rFire    . . .     SeeInvis .   a - +0 war axe
rCold    . . .     Faith    .   c - +0 kite shield
rNeg     . . .     Spirit   .   b - +0 scale mail
rPois    .         Reflect  .   s - +0 helmet
rElec    .         Harm     .   (no cloak)
rCorr    .         Rampage  .   j - +0 pair of gloves
Will     .....                  v - +0 pair of boots
Stlth    ..........             t - amulet of the acrobat
HPRegen  0.18/turn              u - +6 ring of strength
MPRegen  0.10/turn              (no ring)

@: no status effects
A: icy blue scales 2, foul stench 1, spiny 1
a: no special abilities


You were on level 3 of the Dungeon.
You visited 1 branch of the dungeon, and saw 5 of its levels.

You collected 320 gold pieces.

Inventory:

Hand Weapons
 a - a +0 war axe (weapon)
Missiles
 e - 169 stones
 f - a throwing net
 i - 30 poisoned darts (quivered)
 o - 11 bolts
Armour
 b - a +0 scale mail (worn)
 c - a +0 kite shield (worn)
 j - a +0 pair of gloves (worn)
 p - a +2 leather armour of cold resistance
 s - a +0 helmet (worn)
 v - a +0 pair of boots (worn)
Jewellery
 t - an amulet of the acrobat (around neck)
 u - a +6 ring of strength (left hand)
Wands
 x - a wand of flame (15)
Scrolls
 g - a scroll of fog {unknown}
 l - 7 scrolls of identify {unknown}
 m - a scroll of blinking {unknown}
 n - 2 scrolls of enchant weapon {unknown}
 r - 2 scrolls of teleportation {unknown}
Potions
 d - a potion of might
 h - 3 potions of curing {unknown}
 k - 3 potions of flight {unknown}
 q - 3 potions of haste
 w - a potion of resistance {unknown}


   Skills:
 + Level 5.3 Fighting
 + Level 4.2 Axes
 + Level 0.7 Throwing
 - Level 4.3 Armour
 + Level 1.6 Dodging
 + Level 4.7 Shields
 + Level 0.7 Evocations


You had 6 spell levels left.
You didn't know any spells.
Your spell library contained the following spells:

 Spells                   Type           Power      Damage    Failure   Level
 Animate Skeleton         Necr           0%         N/A       98%         1
 Pain                     Necr           0%         1d4       98%         1
 Ignite Poison            Fire/Tmut/Pois 0%         N/A       100%        3
 Mephitic Cloud           Conj/Pois/Air  0%         N/A       100%        3
 Vampiric Draining        Necr           0%         2d6       100%        3
 Olgreb's Toxic Radiance  Pois           0%         N/A       100%        4
 Bolt of Magma            Conj/Fire/Erth 0%         4d4       100%        5
 Ozocubu's Refrigeration  Ice            0%         4d5       100%        7
 Ignition                 Fire           0%         3d3       100%        8


Dungeon Overview and Level Annotations

Branches:
Dungeon (5/15)
 Temple: D:4-7

Altars:

Annotations:
D:2 Sigmund


Innate Abilities, Weirdness & Mutations

You are mostly covered in icy blue scales. (AC +3)
You may rarely emit foul miasma when damaged in melee.
You are partially covered in sharp spines.


Message History

You kill the orc priest!
The orc shouts!
You block the orc warrior's attack.
Things that are here:
a +0 dagger; a +0 ring mail; an orc corpse You closely miss the orc warrior.
You block the orc warrior's attack.
The orc warrior hits you with a +0 battleaxe.
You hit the orc warrior but do no damage.
The orc warrior hits you with a +0 battleaxe!
You slash the orc warrior!
The orc warrior is heavily wounded.
You block the orc warrior's attack.
The orc warrior hits you with a +0 battleaxe!
There is an open door here.
You hit the orc.
The orc is heavily wounded.
The orc is struck by your spines.
You kill the orc!
You hit the orc warrior but do no damage.
The orc warrior is heavily wounded.
The orc warrior hits you with a +0 battleaxe!
You block the orc warrior's attack.
You closely miss the orc warrior.
The orc warrior is heavily wounded.
The orc warrior is struck by your spines.
The orc warrior hits you with a +0 battleaxe.
You hit the orc warrior but do no damage.
The orc warrior is severely wounded.
The orc warrior closely misses you.
The orc warrior hits you with a +0 battleaxe.
* * * LOW HITPOINT WARNING * * *
You hit the orc warrior but do no damage.
The orc warrior is severely wounded.
You block the orc warrior's attack.
You hit the orc warrior but do no damage.
The orc warrior is severely wounded.
The orc warrior hits you with a +0 battleaxe!
* * * LOW HITPOINT WARNING * * *
The orc warrior hits you with a +0 battleaxe.
You die...

,,*,,*,,)*#........#.###******o,,
*,*,,*,,.##.............,,,,o,**,
*,,,,,,,..'.............,,,**,*,,
,,,,,,,,#.#.............,,,**,*,*
,,,,,,,,#......)........,,,**,*,*
,,,,,,,,......##)##....,,,,**,,,,
,,,,,,,,.....,*#o#*,,,.,,,,******
,,,,,,,,....,,*#o#*,,,,,,,,* *
,,,,,,,,...,,,*#@#**********
,,,,,,,,##*#+**#.# ,,,,,,,,*
*..*#.#### ,,,,,,,,* *#.*#....#
*'**,**** #.##....# ,,,,,*
#..#....# ,,,,,* ###.#....#
,,,,,* #........#######** ,,,,,*
#...............,*


You could see an orc warrior and an orc.

Vanquished Creatures
  A water moccasin (D:5)
  An ogre (D:3)
  A scorpion (D:4)
  A water moccasin skeleton (D:4)
  A hound (D:3)
  A centaur skeleton (D:5)
  A jelly (D:5)
  2 bullfrog skeletons (D:4)
  2 orc priests
  Natasha (thrice) (D:2)
  An orc wizard (D:5)
  A hound zombie (D:2)
  A howler monkey zombie (D:5)
  6 adders
  8 gnolls
  2 ufetubi
  2 adder skeletons
  A dart slug (D:2)
  7 orcs
  7 ball pythons
  2 bat zombies (D:2)
  14 endoplasms
  4 giant cockroaches
  9 goblins
  11 hobgoblins
  8 jackals
  8 kobolds
  4 quokkas
  2 ball python skeletons (D:2)
  3 bats
  5 frilled lizards
  2 giant cockroach zombies (D:2)
  A quokka skeleton (D:2)
  10 rats
133 creatures vanquished.

Notes
Turn   | Place    | Note
-------+----------+-------------------------------------------
     0 | D:1      | belegose the Demonspawn Fighter began the quest for the
                  | Orb.
     0 | D:1      | Reached XP level 1. HP: 18/18 MP: 1/1
   112 | D:1      | Gained mutation: You are partially covered in sharp spines.
                  | [demonic ancestry]
   112 | D:1      | Reached XP level 2. HP: 24/24 MP: 2/2
   124 | D:1      | Found a faded altar of an unknown god.
   628 | D:2      | Gained mutation: You are partially covered in icy blue
                  | scales. (AC +2) [demonic ancestry]
   628 | D:2      | Reached XP level 3. HP: 29/29 MP: 3/3
   913 | D:2      | Reached XP level 4. HP: 35/36 MP: 4/4
   914 | D:2      | Noticed Natasha
  1065 | D:2      | Killed Natasha
  1424 | D:2      | Noticed Sigmund
  1450 | D:2      | Noticed Natasha
  1460 | D:2      | Killed Natasha
  1461 | D:2      | Reached XP level 5. HP: 42/42 MP: 5/5
  1506 | D:2      | Noticed Natasha
  1509 | D:2      | Killed Natasha
  1510 | D:2      | Reached skill level 4 in Fighting
  2469 | D:3      | Noticed an orc warrior
  3047 | D:4      | Noticed an ogre
  3075 | D:3      | Killed an ogre
  3076 | D:3      | Gained mutation: You may rarely emit foul miasma when
                  | damaged in melee. [demonic ancestry]
  3076 | D:3      | Reached XP level 6. HP: 27/49 MP: 6/6
  3562 | D:4      | Gained mutation: You are mostly covered in icy blue scales.
                  | (AC +3) [demonic ancestry]
  3562 | D:4      | Reached XP level 7. HP: 55/55 MP: 7/7
  4048 | D:5      | Entered Level 5 of the Dungeon
  4145 | D:5      | Reached skill level 5 in Fighting
  4192 | D:5      | Reached skill level 1 in Dodging
  5169 | D:3      | Slain by an orc warrior

Illustrated notes

Levels and vault maps discovered:
D:1:      saegor_arrival_under_anarchy, layout_basic,
          hellmonk_ecumenical_altar_heavens_door
D:2:      layout_basic, serial_undead, serial_undead_f, serial_undead_a,
          serial_undead_d, serial_undead_b, serial_undead_b, serial_undead_c,
          st_stairs_11, uniq_natasha, uniq_sigmund
D:3:      minmay_evil_eye, layout_basic
D:4:      layout_rooms, minmay_hedge_maze, minmay_three_crescents
D:5:      layout_basic, bh_walls_and_bars

Skill      XL: |  1  2  3  4  5  6  7 |
---------------+----------------------+-----
Axes           | 2 3 4 |  4.2
Armour         | 3 4 |  4.3
Shields        | 3 4 |  4.7
Fighting       | 4 5 |  5.3
Dodging        | 1 |  1.6
Throwing       | |  0.7
Evocations     | |  0.7

Action                   |  1- 3 |  4- 6 |  7- 9 || total
-------------------------+-------+-------+-------++-------
Melee: War axe           |    94 |   104 |    74 ||   272
       Unarmed           |       |     8 |       ||     8
Throw: Dart              |       |     6 |       ||     6
       Throwing net      |       |     2 |       ||     2
  Use: Potion            |       |     2 |       ||     2
Armor: Scale mail        |    48 |    60 |    25 ||   133
       Skin              |       |     5 |       ||     5
Dodge: Dodged            |    33 |    53 |    25 ||   111
Block: Kite shield       |    57 |    75 |    38 ||   170
